 Dungeon Crawl Stone Soup version 0.25-a0-707-g603da076d2 (webtiles) character file.

Game seed: 17342707154062217148, levelgen mode: deterministic

1311 Amnesiac the Thaumaturge (level 8, -1/43 HPs)
             Began as a Deep Elf Wizard on Apr 5, 2020.
             Slain by a gnoll
             ... wielding a +0 spear
              (13 damage)
             ... on level 5 of the Dungeon.
             The game lasted 00:08:55 (4640 turns).

Amnesiac the Thaumaturge (Deep Elf Wizard)          Turns: 4640, Time: 00:08:55

Health: -1/43      AC:  2    Str:  4    XL:     8   Next: 32%
Magic:  21/24      EV: 17    Int: 26    God:
Gold:   99         SH:  0    Dex: 13    Spells: 16/27 levels left

rFire    . . .     SeeInvis .   b - +3 short sword (protect)
rCold    . . .     Gourm    .   (no shield)
rNeg     . . .     Faith    .   e - +0 robe
rPois    .         Spirit   .   (no helmet)
rElec    .         Reflect  .   (no cloak)
rCorr    .         Harm     +   (no gloves)
MR       .....                  (no boots)
Stlth    ++........             o - amulet of harm
HPRegen  0.14/turn              (no ring)
MPRegen  0.19/turn              (no ring)

@: no status effects
A: no striking features
a: no special abilities


You were on level 5 of the Dungeon.
You were very hungry.

You visited 1 branch of the dungeon, and saw 5 of its levels.

You collected 225 gold pieces.
You spent 126 gold pieces at shops.

Inventory:

Hand Weapons
 a - a +1 short sword of draining
 b - a +3 short sword of protection (weapon)
Armour
 e - a +0 robe (worn)
Jewellery
 i - an uncursed ring of protection from cold {unknown}
 o - an amulet of harm (around neck)
Wands
 f - a wand of polymorph (8)
 q - a wand of random effects (13)
Scrolls
 g - 2 scrolls of magic mapping {!r}
 h - 4 scrolls of remove curse {!r}
 n - 2 scrolls of identify {!r}
Potions
 c - a potion of ambrosia {!q, unknown}
 j - a potion of might {!q}
 k - 2 potions of curing {!q, unknown}
 l - a potion of mutation {!q, unknown}
 m - a potion of lignification {!q, unknown}
 p - 2 potions of haste {!q, unknown}
 r - a potion of stabbing {!q, unknown}
 s - a potion of flight {!q}
Comestibles
 d - 5 rations


   Skills:
 - Level 1.0 Fighting
 + Level 8.8 Dodging
 - Level 2.4 Stealth
 - Level 10.2 Spellcasting
 - Level 1.1 Conjurations
 - Level 1.1 Summonings
 - Level 1.1 Translocations


You had 16 spell levels left.
You knew the following spells:

 Your Spells              Type           Power        Failure   Level  Hunger
a - Magic Dart            Conj           ###.         3%          1    None
b - Call Imp              Summ           ###.....     4%          2    None
e - Mephitic Cloud        Conj/Pois/Air  ###.....     12%         3    None
s - Conjure Flame         Conj/Fire      ###.....     11%         3    None
v - Blink                 Tloc           N/A          4%          2    None

Your spell library contained the following spells:

 Spells                   Type           Power        Failure   Level  Hunger
 Slow                     Hex            ##......     7%          2    None


Dungeon Overview and Level Annotations

Branches:
Dungeon (5/15)
 Temple: D:4-7

Altars:
Ashenzari
Elyvilon

Shops:
D:4 *


Message History

The hound zombie bites you.
You hit the hound zombie.
You destroy the hound zombie!
HP restored.
Your magical contamination has completely faded away.
Magic restored.
Found a stone staircase leading up.
You now have 99 gold pieces (gained 13).
q - a wand of random effects (13)
You hear the slow rusting of a distant drain.
A dart slug comes into view.
You hit the dart slug.
Your weapon exudes an aura of protection.
The dart slug is moderately wounded.
The dart slug completely misses you.
You hit the dart slug.
The dart slug is heavily wounded.
You hit the dart slug but do no damage.
The dart slug is heavily wounded.
The dart slug launches a dart at you. The slug dart misses you.
You puncture the dart slug!
You kill the dart slug!
A gnoll comes into view.
You open the door.
There is an open door here.
A hound comes into view. 2 gnolls come into view.
The hound barks!
The gnoll shouts! x2; You hear a shout!
You hear an angry hiss.
Found a shattered altar of Ashenzari.
A gnoll comes into view.
The gnoll hits you with a +0 spear!
The gnoll hits you from afar with a +0 spear!
The hound closely misses you.
An iguana comes into view.
The gnoll shouts!
The iguana hisses angrily.
The hound closely misses you. x2
The hound barely misses you. The hound bites you. The hound bites you.
The hound bites you.
* * * LOW HITPOINT WARNING * * *
The hound misses you.
You hit the hound.
Your weapon exudes an aura of protection.
The hound is lightly wounded.
The gnoll hits you from afar with a +0 spear!
* * * LOW HITPOINT WARNING * * *
The hound misses you. The hound closely misses you.
Casting: Magic Dart (safe; 3% risk of failure)
Confirm with . or Enter, or press ? or * to list all spells.
Aiming: Mephitic Cloud (safe; 12% risk of failure)
Press: ? - help, Shift-Dir - straight line, f - hound
Aim: a hound (lightly wounded) That beam is likely to hit you.
Continue anyway?
The ball explodes into a vile cloud!
The stinking cloud engulfs the hound but does no damage.
The hound is lightly wounded.
The stinking cloud engulfs the gnoll but does no damage.
The stinking cloud engulfs you but does no damage.
The gnoll hits you from afar with a +0 spear!
You die...

#.#..# #.# #.#..# #.#
#.#..# #.# #.#..# ###
#.# #.#..##
#####'####.# #.#...#
#..........# #.#...#
#........l.######.#####
#........ggggh@.....#
###.........#######.#.#
......#.##### ..#.#
#.....#.# ### #
#.....#.# +#l...#.#
........# ........#
........#


You could see an iguana, a hound and 4 gnolls.

Vanquished Creatures
  Pikel (D:4)
  4 slaves (D:4)
  2 ogres (D:4)
  Blork the orc (D:4)
  An orc priest (D:3)
  A gnoll shaman (D:4)
  An orc wizard (D:3)
  Jessica (D:3)
  Natasha (thrice) (D:3)
  2 worker ants (D:4)
  A hound zombie (D:5)
  2 hound skeletons (D:4)
  4 gnolls (D:4)
  8 adders
  An ooze (D:1)
  An adder skeleton (D:4)
  2 worms
  4 dart slugs
  3 leopard geckos
  4 orcs (D:3)
  13 bats
  A giant cockroach (D:3)
  3 goblins
  10 hobgoblins
  8 jackals
  2 ball pythons
  4 frilled lizards
  12 kobolds
  9 rats
109 creatures vanquished.

Vanquished Creatures (collateral kills)
  Sigmund (D:2)
  An ogre (D:3)
  2 worker ants (D:4)
  A giant cockroach (D:2)
  A hobgoblin (D:1)
  2 jackals (D:4)
  A rat (D:2)
9 creatures vanquished.

Grand Total: 118 creatures vanquished

Notes
Turn   | Place    | Note
-------+----------+-------------------------------------------
     0 | D:1      | Amnesiac the Deep Elf Wizard began the quest for the Orb.
     0 | D:1      | Reached XP level 1. HP: 10/10 MP: 7/7
   184 | D:1      | Reached skill level 5 in Spellcasting
   342 | D:1      | Reached XP level 2. HP: 12/15 MP: 7/10
   350 | D:1      | Learned a level 2 spell: Blink
   353 | D:1      | Learned a level 2 spell: Call Imp
   494 | D:1      | Reached XP level 3. HP: 14/19 MP: 3/12
   502 | D:1      | Reached skill level 6 in Spellcasting
   562 | D:1      | Learned a level 3 spell: Conjure Flame
   566 | D:1      | Learned a level 3 spell: Mephitic Cloud
  1240 | D:2      | HP: 1/20 [poisoned by an adder]
  1522 | D:2      | Reached skill level 1 in Fighting
  1522 | D:2      | Reached XP level 4. HP: 21/25 MP: 4/14
  1646 | D:2      | Noticed Sigmund
  1661 | D:2      | Killed Sigmund
  1661 | D:2      | Reached skill level 7 in Spellcasting
  1661 | D:2      | Reached XP level 5. HP: 15/29 MP: 2/16
  2154 | D:3      | Noticed Natasha
  2174 | D:3      | Killed Natasha
  2246 | D:3      | Noticed an ogre
  2278 | D:3      | Killed an ogre
  2278 | D:3      | Reached skill level 8 in Spellcasting
  2278 | D:3      | Reached XP level 6. HP: 3/34 MP: 1/19
  2560 | D:3      | Noticed Jessica
  2564 | D:3      | Killed Jessica
  2677 | D:3      | Noticed Natasha
  2682 | D:3      | Killed Natasha
  2961 | D:3      | Noticed Natasha
  2991 | D:3      | Killed Natasha
  2991 | D:3      | Reached skill level 9 in Spellcasting
  3458 | D:4      | Reached XP level 7. HP: 37/38 MP: 0/22
  3622 | D:4      | Reached skill level 10 in Spellcasting
  3747 | D:4      | Found Kovoq's Assorted Antiques.
  3780 | D:4      | Bought a grey potion for 24 gold pieces
  3780 | D:4      | Bought a scroll labeled IKUUSCHEEMUO for 27 gold pieces
  3780 | D:4      | Bought a purple potion for 24 gold pieces
  3780 | D:4      | Bought a fizzy pink potion for 24 gold pieces
  3780 | D:4      | Bought a scroll labeled ZOKOCW GAXEWK for 27 gold pieces
  3837 | D:4      | Noticed Blork the orc
  3855 | D:4      | Killed Blork the orc
  3855 | D:4      | Reached skill level 5 in Dodging
  4294 | D:4      | Found a white marble altar of Elyvilon.
  4320 | D:4      | Noticed Pikel
  4330 | D:4      | Killed Pikel
  4330 | D:4      | Reached XP level 8. HP: 21/43 MP: 12/24
  4543 | D:5      | Entered Level 5 of the Dungeon
  4623 | D:5      | Found a shattered altar of Ashenzari.
  4640 | D:5      | Slain by a gnoll

Levels and vault maps discovered:
D:1:      onia_arrival_mini_spirals, layout_loops_ring, minmay_vboxes
D:2:      layout_rooms, minmay_misc_feat_chi, uniq_sigmund
D:3:      layout_basic, uniq_natasha, uniq_jessica
D:4:      layout_basic, serial_shops, shop, elyvilon_altar_3, uniq_pikel,
          uniq_blork_the_orc
D:5:      layout_basic, trog_eyes_of_draining, lemuel_round_altar, first_ration,
          gup_sewer_entry_bubbles, nicolae_tso_swordbearing_angel, uniq_menkaure

Skill      XL: |  1  2  3  4  5  6  7 |
---------------+----------------------+-----
Spellcasting   | 5 6 7 8 9 10 | 10.2
Fighting       | 1 |  1.0
Dodging        | 3 4 8 |  8.8
Stealth        | |  2.4
Conjurations   | |  1.1
Summonings     | |  1.1
Translocations | |  1.1

Action                   |  1- 3 |  4- 6 |  7- 9 || total
-------------------------+-------+-------+-------++-------
Melee: Short sword       |    75 |    18 |    24 ||   117
 Cast: Magic Dart        |    53 |   130 |    74 ||   257
       Call Imp          |     4 |     4 |     6 ||    14
       Mephitic Cloud    |       |    10 |    10 ||    20
  Use: Scroll            |       |     3 |     4 ||     7
 Stab: Sleeping          |     1 |       |       ||     1
       Confused          |       |     2 |     2 ||     4
       Distracted        |       |       |     1 ||     1
  Eat: Chunk             |     2 |     6 |     2 ||    10
Armor: Robe              |     9 |     2 |     1 ||    12
Dodge: Dodged            |    82 |    18 |    42 ||   142

Table legend:
 A = Non-vault XP
 B = Vault XP
 C = Vault XP percentage of total XP
 D = Non-vault monster count
 E = Vault monster count
 F = Vault count percentage of total count
                 A         B        C        D         E       F
            +---------+---------+-------+---------+---------+-------
      Total |     968 |     905 |  48.3 |     102 |      12 |  10.5
            +---------+---------+-------+---------+---------+-------
        D:1 |      63 |      12 |  16.0 |      34 |       7 |  17.1
        D:2 |      68 |     114 |  62.6 |      22 |       1 |   4.3
        D:3 |     310 |      72 |  18.8 |      24 |       2 |   7.7
        D:4 |     503 |     707 |  58.4 |      20 |       2 |   9.1
        D:5 |      24 |       0 |   0.0 |       2 |       0 |   0.0
            +---------+---------+-------+---------+---------+-------
